 Dungeon Crawl Stone Soup version 0.23.2-30-g0e89c35649 (webtiles) character file.

Game seed: 14563400978398841387

232 CheeseeCupcake the Shield-Bearer (level 5, -3/46 HPs)
             Began as a Minotaur Fighter on June 11, 2019.
             Slain by an orc warrior
             ... wielding a +0 hand axe
              (5 damage)
             ... on level 4 of the Dungeon.
             The game lasted 00:09:21 (2901 turns).

CheeseeCupcake the Shield-Bearer (Minotaur Fighter) Turns: 2901, Time: 00:09:22

Health: -3/46      AC:  7    Str: 22    XL:     5   Next: 73%
Magic:  4/4        EV:  9    Int:  5    God:
Gold:   114        SH:  9    Dex:  9    Spells: 4/4 levels left

rFire    + . .     SeeInvis .   a - +0 war axe
rCold    + . .     Gourm    .   c - +0 shield
rNeg     . . .     Faith    .   q - +2 leather armour {rC+}
rPois    .         Spirit   .   (helmet restricted)
rElec    .         Reflect  .   p - +0 cloak
rCorr    .         Harm     .   t - +0 pair of gloves
MR       .....                  (no boots)
Stlth    +.........             (no amulet)
HPRegen  0.15/turn              n - ring of protection from fire
MPRegen  0.09/turn              (no ring)

@: no status effects
A: retaliatory headbutt, horns 2
a: no special abilities


You were on level 4 of the Dungeon.
You were not hungry.

You visited 1 branch of the dungeon, and saw 4 of its levels.

You collected 114 gold pieces.

Inventory:

Hand Weapons
 a - a +0 war axe (weapon)
 b - a +2 hunting sling of flaming
Missiles
 h - 65 stones (quivered)
Armour
 c - a +0 shield (worn)
 g - a +0 scale mail
 p - a +0 cloak (worn)
 q - a +2 leather armour of cold resistance (worn)
 t - a +0 pair of gloves (worn)
Jewellery
 n - a ring of protection from fire (left hand)
Wands
 u - a wand of disintegration (15)
Scrolls
 e - a scroll of enchant armour {unknown}
 i - 5 scrolls of teleportation {unknown}
 j - 4 scrolls of remove curse {unknown}
 k - 3 scrolls of identify {unknown}
 l - a scroll of magic mapping {unknown}
 m - a scroll of blinking {unknown}
 o - 2 scrolls of amnesia {unknown}
 v - a scroll of enchant weapon {unknown}
Potions
 d - 2 potions of might
 r - a potion of heal wounds {unknown}
 s - a potion of degeneration {unknown}
Comestibles
 f - 6 rations
 w - 2 chunks of flesh


   Skills:
 - Level 4.1 Fighting
 * Level 4.4 Axes
 * Level 4.1 Slings
 - Level 3.7 Armour
 + Level 4.4 Shields


You had 4 spell levels left.
You didn't know any spells.
Your spell library was empty.

Dungeon Overview and Level Annotations

Branches:
Dungeon (4/15)
 Temple: D:4-7

Altars:
Ashenzari
Uskayaw
The Shining One


Innate Abilities, Weirdness & Mutations

You reflexively headbutt those who attack you in melee.
You have a pair of horns on your head.


Message History

You shoot a stone.
The stone hits the orc warrior but does no damage.
The orc warrior is severely wounded.
The orc warrior hits you with a +0 hand axe.
* * * LOW HITPOINT WARNING * * *
Firing (i - inventory)
h - 66 stones (quivered)
Press: ? - help, Shift-Dir - straight line, f/p - orc warrior
Aim: an orc warrior, wielding a +0 hand axe and wearing a +0 chain mail (severely wounded)
You shoot a stone.
The stone barely misses the orc warrior.
The orc warrior hits you with a +0 hand axe.
* * * LOW HITPOINT WARNING * * *
Okay, then.
Your +2 hunting sling of flaming stops flaming.
a - a +0 war axe (weapon)
The orc warrior barely misses you.
You hit the orc warrior but do no damage.
The orc warrior is severely wounded.
The orc warrior hits you with a +0 hand axe.
You die...

o..o ##o. .(#
#.#...## #.#
#.....<# #(#
#..$..........
####.######(##
#. #)# # #o#
#@# #.#
..####.#######
...#.........#
.
.............#
.
..............#
. ##.
.......#......#
. ..#
....#..#.#.#..#
. #.#
...##.........#


You could see an orc warrior.

Vanquished Creatures
  An orc priest (D:4)
  An orc wizard (D:4)
  Robin (D:2)
  6 adders
  3 gnolls (D:3)
  A worm (D:2)
  2 leopard geckos (D:3)
  An orc (D:3)
  13 goblins
  13 hobgoblins
  9 jackals
  8 kobolds
  3 quokkas
  A ball python (D:2)
  2 bats (D:2)
  3 frilled lizards
  4 rats
72 creatures vanquished.

Notes
Turn   | Place    | Note
-------+----------+-------------------------------------------
     0 | D:1      | CheeseeCupcake the Minotaur Fighter began the quest for the
                  | Orb.
     0 | D:1      | Reached XP level 1. HP: 19/19 MP: 0/0
    38 | D:2      | Reached XP level 2. HP: 18/27 MP: 1/1
   152 | D:2      | Noticed Robin
   739 | D:1      | Reached XP level 3. HP: 25/33 MP: 2/2
  1491 | D:2      | Killed Robin
  1599 | D:2      | Reached XP level 4. HP: 40/40 MP: 3/3
  1615 | D:2      | Reached skill level 1 in Slings
  1620 | D:2      | Found a hide-covered altar of Uskayaw.
  2065 | D:4      | Noticed an orc warrior
  2144 | D:3      | Found a glowing golden altar of the Shining One.
  2218 | D:3      | Found a shattered altar of Ashenzari.
  2326 | D:3      | Reached XP level 5. HP: 44/46 MP: 4/4
  2899 | D:4      | HP: 2/46 [orc warrior/+0 hand axe (6)]
  2901 | D:4      | Slain by an orc warrior

Skill      XL: |  1  2  3  4  5 |
---------------+----------------+-----
Shields        | 4 |  4.4
Axes           | 3 4 |  4.4
Fighting       | 4 |  4.1
Slings         | 2 4 |  4.1
Armour         | |  3.7

Action                   |  1- 3 |  4- 6 || total
-------------------------+-------+-------++-------
Melee: War axe           |    55 |     1 ||    56
       Headbutt          |     5 |       ||     5
 Fire: Hunting sling     |    27 |   116 ||   143
  Eat: Chunk             |     2 |     4 ||     6
Armor: Scale mail        |    37 |    10 ||    47
Dodge: Dodged            |    32 |    15 ||    47
Block: Shield            |    49 |    24 ||    73
